Map: Galactic Process LE

Players

Akmyn

  • Race: Zerg Zerg
  • League: Platinum

Nickos - Winner!

  • Race: Terran Terran
  • League: Gold

VOD

Have the link to the VOD?

Description

Time

  • Played on: Sept. 22, 2016, 12:37 a.m.
  • Length: 7:39
Show
View Real Time Build Order
Export as new Build Order

Akmyn Zerg 

Build Orders: Hatch First 

Get SALT Encoding   

  12  0:01  Drone  
  13  0:09  Drone  
  14  0:35  Hatchery  
  14  0:38  Drone  
  14  0:41  Extractor  
  13  0:44  Drone  
  14  0:52  Overlord  
  14  1:05  Overlord  
  14  1:18  Spawning Pool  
  14  1:23  Drone  
  14  1:27  Drone  
  15  1:38  Drone  
  16  1:40  Drone  
  17  1:54  Drone  
  18  2:00  Drone  
  19  2:02  Drone x2  
  21  2:08  Roach Warren  
  21  2:13  Zergling x2  
  21  2:16  Drone  
  21  2:20  Drone  
  23  2:24  Extractor  
  23  2:28  Drone  
  23  2:38  Drone x2  
  23  2:40  Drone  
  23  2:43  Queen  
  28  2:51  Roach  
  30  2:54  Drone x2  
  32  3:01  Drone  
  32  3:05  Queen  
  35  3:07  Drone  
  36  3:16  Overlord  
  36  3:18  Overlord  
  36  3:26  Overlord  
  36  3:44  Roach x2  
  36  3:46  Roach x2  
  44  3:57  Roach x3  
  44  4:00  Spore Crawler  
  44  4:02  Spore Crawler  
  48  4:04  Spore Crawler  
  48  4:09  Spore Crawler  
  46  4:12  Spore Crawler  
  46  4:15  Drone  
  46  4:16  Drone x2  
  48  4:18  Drone  
  48  4:19  Drone  
  50  4:27  Lair  
  50  4:34  Roach  
  50  4:36  Roach  
  54  4:39  Roach  
  54  4:43  Roach  
  58  4:46  Roach  
  60  4:57  Overlord x2  
  60  5:00  Extractor  
  60  5:03  Extractor  
  57  5:33  Drone x2  
  57  5:34  Drone x2  
  61  5:36  Drone  
  61  5:37  Drone x5  
  61  5:38  Drone  
  61  5:41  Hydralisk Den  
  67  5:45  Glial Reconstitution  
  55  6:10  Zergling x10  
  46  6:16  Baneling Nest  
  45  6:20  Hydralisk x3  
  45  6:21  Hydralisk x2  
  55  6:33  Hydralisk  
  55  6:34  Hydralisk x4  
  48  6:56  Zergling x4  
Show
View Real Time Build Order
Export as new Build Order

Nickos Terran - Winner!

Build Orders:  

Get SALT Encoding   

  12  0:01  SCV  
  13  0:13  SCV  
  14  0:17  Supply Depot  
  14  0:25  SCV  
  15  0:38  SCV  
  15  0:40  Barracks  
  16  0:51  SCV  
  17  1:03  SCV  
  18  1:15  SCV  
  19  1:21  Command Center  
  19  1:27  Marine  
  20  1:34  Orbital Command  
  20  1:45  Marine  
  20  1:46  Supply Depot  
  21  1:55  Barracks  
  21  2:00  SCV  
  22  2:03  Marine  
  23  2:12  SCV  
  24  2:17  Barracks  
  24  2:21  Refinery  
  24  2:23  Refinery  
  24  2:24  Marine  
  25  2:36  Bunker  
  25  2:38  Orbital Command  
  25  2:41  SCV  
  26  2:44  Marine  
  27  2:53  SCV  
  27  2:55  Marine  
  29  3:05  SCV  
  29  3:06  Barracks Tech Lab  
  29  3:07  SCV  
  31  3:18  SCV  
  33  3:20  Barracks Reactor, SCV  
  33  3:27  Barracks Reactor  
  33  3:30  SCV  
  33  3:33  Stimpack  
  34  3:36  Barracks  
  34  3:38  Barracks  
  34  3:40  SCV  
  35  3:43  Supply Depot  
  35  3:45  SCV  
  35  3:47  Marauder  
  38  3:55  SCV  
  39  3:59  SCV  
  40  4:06  Supply Depot  
  40  4:07  SCV, Marine x2  
  40  4:09  Marauder  
  45  4:10  Marine  
  45  4:11  SCV  
  47  4:18  Marine  
  47  4:19  SCV  
  47  4:23  SCV  
  50  4:29  Supply Depot  
  50  4:31  SCV  
  50  4:32  Barracks Tech Lab, Barracks Reactor  
  50  4:33  Factory  
  50  4:34  Marine  
  50  4:37  Marauder  
  50  4:38  Marine  
  55  4:40  SCV  
  56  4:49  Supply Depot  
  56  4:52  Supply Depot  
  56  4:54  SCV x2  
  56  4:55  Marine x2  
  56  4:58  Marine  
  56  4:59  Marine  
  62  5:00  Marauder  
  62  5:06  SCV x2  
  65  5:16  Marine x4  
  65  5:17  Marine x2  
  65  5:18  SCV, Marauder  
  65  5:19  Factory Reactor  
  74  5:21  Marauder  
  74  5:22  Supply Depot  
  74  5:28  Supply Depot  
  76  5:29  Starport  
  76  5:31  SCV  
  76  5:33  SCV  
  78  5:41  Marine x2  
  78  5:42  Marine x2  
  82  5:43  SCV  
  82  5:45  Marauder  
  82  5:49  Marine  
  86  5:50  Marauder  
  88  6:03  Marine x4  
  88  6:04  Marine  
  88  6:06  Marine  
  88  6:07  Marine  
  89  6:11  Marine  
  90  6:18  Command Center  
  90  6:21  Medivac, Marine  
  90  6:25  Supply Depot  
  93  6:29  Supply Depot  
  93  6:32  Marine x2  
  93  6:33  Marine  
  93  6:35  Marauder  
  93  6:39  Marine x2  
  99  6:50  Marine x2  
  99  6:51  Marine x3  
  95  6:57  Marauder  
  97  7:04  Marine x2  
  97  7:08  Marine x2  
  96  7:09  Marauder  
  96  7:12  Marine  
  96  7:13  Marine  
  99  7:17  Marine  
Tags
 
Add a new tag
Caveats
  • Supply blocks, unpowered buildings, or Contaminate may cause inaccurate times.
  • Supply counts are checked every 10 seconds.